 Dungeon Crawl Stone Soup version 0.29.1-1-gd02db6906a (webtiles) character file.

Game seed: 249172920191577674

93 GigaChad the Magician (level 4, -1/24 HPs)
             Began as a Deep Elf Conjurer on Sept 19, 2022.
             Slain by an adder (3 damage)
             ... on level 3 of the Dungeon.
             The game lasted 00:04:30 (2123 turns).

GigaChad the Magician (Deep Elf Conjurer)           Turns: 2123, Time: 00:04:30

Health: -1/24      AC:  3    Str:  4    XL:     4   Next: 37%
Magic:  6/13       EV: 12    Int: 25    God:
Gold:   158        SH:  0    Dex: 13    Spells: 10/14 levels left

rFire   . . .      SeeInvis .   h - +0 short sword
rCold   . . .      Faith    .   (no shield)
rNeg    . . .      Spirit   .   a - +1 robe
rPois   .          Reflect  .   (no helmet)
rElec   .          Harm     .   (no cloak)
rCorr   .          Rampage  .   (no gloves)
Will    .....                   (no boots)
Stlth   +.........              (no amulet)
HPRegen 0.08/turn               (no ring)
MPRegen 0.13/turn               (no ring)

@: lethally poisoned (-1 -> -7), very slow
A: no striking features
a: no special abilities


You were on level 3 of the Dungeon.
You visited 1 branch of the dungeon, and saw 3 of its levels.

You collected 158 gold pieces.

Inventory:

Hand Weapons
 h - a +0 short sword (weapon)
Armour
 a - a +1 robe (worn)
Scrolls
 c - a scroll of identify
 e - a scroll of poison {unknown}
 g - a scroll of vulnerability {unknown}
 j - a scroll of immolation
 k - a scroll of fear {unknown}
Potions
 b - a potion of magic
 d - 2 potions of curing {unknown}
 f - 2 potions of lignification {unknown}
 i - a potion of brilliance {unknown}


   Skills:
 - Level 2.4 Dodging
 - Level 2.4 Stealth
 + Level 5.9 Spellcasting
 - Level 4.8 Conjurations


You had 10 spell levels left.
You knew the following spells:

 Your Spells              Type           Power      Damage    Failure   Level
a - Magic Dart            Conj           100%       1d8       1%          1
b - Dazzling Flash        Conj/Hex       38%        N/A       9%          3

Your spell library contained the following spells:

 Spells                   Type           Power      Damage    Failure   Level
 Searing Ray              Conj           62%        2d6       1%          2
 Fulminant Prism          Conj/Hex       9%         3d7       28%         4
 Iskenderun's Mystic Bla  Conj/Tloc      19%        2d6       28%         4


Dungeon Overview and Level Annotations

Branches:
Dungeon (3/15)

Altars:
Vehumet


Message History

The magic dart hits the adder.
The adder is heavily wounded.
You feel sick. The adder barely misses you.
The magic dart hits the adder.
The adder is almost dead.
You feel sick. The adder barely misses you.
You are too injured to fight recklessly!
You are too injured to fight recklessly!
You miss the adder.
The adder is almost dead.
You feel sick. The adder closely misses you. The adder completely misses you.
Your unstable footing causes you to fumble your attack.
You feel sick. The adder closely misses you.
You hit the adder.
You kill the adder!
You feel sick.
You are no longer poisoned.
An adder comes into view.
The adder hisses angrily.
The adder misses you. The adder bites you but does no damage.
You see here an adder corpse.
You hit the adder but do no damage. The adder bites you.
* * * LOW HITPOINT WARNING * * *
You completely miss the adder. Your punch misses the adder.
The adder closely misses you.
You closely miss the adder. The adder bites you but does no damage.
The adder closely misses you.
Your unstable footing causes you to fumble your attack.
You hear the rapid rusting of a drain very nearby.
The adder bites you.
* * * LOW HITPOINT WARNING * * *
Your unstable footing causes you to fumble your attack.
The adder closely misses you. The adder bites you.
* * * LOW HITPOINT WARNING * * *
You are lethally poisoned!
The adder poisons you!
Your unstable footing causes you to fumble your attack.
* * * LOW HITPOINT WARNING * * *
You feel sick. The adder bites you.
You die...

#..##########~~...##[....##
#### #~~~..##.....#
#~#...##)....#
#~~~..##.....#
#~#~..##.##'##
#~~~~.##.##.# #
#†#~.....##.# ###
#~#~#~........# #..
#~S@#...##.#### #.#
#####...##.# #.# #.
#...###.# #.#
#..#.#############.#
#..................#
#.################## #


You could see an adder.

Vanquished Creatures
  4 adders
  2 worms (D:3)
  A dart slug (D:1)
  5 ball pythons
  5 endoplasms
  4 goblins
  3 hobgoblins
  2 jackals (D:2)
  8 kobolds
  2 quokkas
  6 bats
  2 frilled lizards (D:1)
  8 rats
52 creatures vanquished.

Notes
Turn   | Place    | Note
-------+----------+-------------------------------------------
     0 | D:1      | GigaChad the Deep Elf Conjurer began the quest for the Orb.
     0 | D:1      | Reached XP level 1. HP: 10/10 MP: 6/6
   128 | D:1      | Reached XP level 2. HP: 15/15 MP: 1/8
   609 | D:1      | Reached skill level 4 in Spellcasting
   819 | D:2      | Reached XP level 3. HP: 19/19 MP: 7/10
  1154 | D:2      | Learned a level 3 spell: Dazzling Flash
  1271 | D:2      | Found a faded altar of an unknown god.
  1321 | D:2      | Found a radiant altar of Vehumet.
  1413 | D:3      | Reached skill level 5 in Spellcasting
  1611 | D:3      | Reached XP level 4. HP: 24/24 MP: 9/13
  2123 | D:3      | Slain by an adder

Illustrated notes

Levels and vault maps discovered:
D:1:      wander_arrival_desolate, layout_basic
D:2:      layout_basic, dreamdust_ecumenical_altar_angels_and_demons,
          basic_altar
D:3:      layout_basic, lightli_sewer_entry_pipes, minmay_crystal_room

Skill      XL: |  1  2  3 |
---------------+----------+-----
Spellcasting   | 4 5 |  5.9
Dodging        | |  2.4
Stealth        | |  2.4
Conjurations   | |  4.8

Action                   |  1- 3 |  4- 6 || total
-------------------------+-------+-------++-------
Melee: Short sword       |     6 |    11 ||    17
 Cast: Magic Dart        |    83 |    24 ||   107
  Use: Scroll            |     2 |       ||     2
Armor: Robe              |     3 |     6 ||     9
Dodge: Dodged            |     8 |    20 ||    28
